 Seeded DCSS version 0.29.0-11-gd7f09526c8 (webtiles) character file.

Game seed: 3121381558354691732 (custom seed)

2 purpskrrrp the Trooper (level 1, 19/19 HPs)
             Began as a Hill Orc Fighter on Sept 7, 2022.
             Quit the game on level 1 of the Dungeon.
             The game lasted 00:02:00 (250 turns).

purpskrrrp the Trooper (Hill Orc Fighter)            Turns: 250, Time: 00:02:01

Health: 19/19      AC:  8    Str: 24    XL:     1   Next: 40%
Magic:  1/1        EV:  9    Int:  8    God:
Gold:   51         SH:  4    Dex: 10    Spells: 0/0 levels left

rFire   . . .      SeeInvis .   a - +0 war axe
rCold   . . .      Faith    .   c - +0 buckler
rNeg    + . .      Spirit   .   b - +0 scale mail
rPois   +          Reflect  .   (no helmet)
rElec   +          Harm     .   (no cloak)
rCorr   .          Rampage  .   f - +0 pair of gloves of Restlessness {rElec Will+}
Will    ++...                   (no boots)
Stlth   ..........              (no amulet)
HPRegen 0.06/turn               g - ring "Mewuxecw" {rPois rN+ Will+}
MPRegen 0.07/turn               h - +6 ring of strength

@: studying Shields
A: no striking features
a: no special abilities


You were on level 1 of the Dungeon.
You visited 1 branch of the dungeon, and saw 1 of its levels.

You collected 51 gold pieces.

Inventory:

Hand Weapons
 a - a +0 war axe (weapon)
Missiles
 i - 2 throwing nets (quivered)
Armour
 b - a +0 scale mail (worn)
 c - a +0 buckler (worn)
 f - the +0 pair of gloves of Restlessness (worn) {rElec Will+}
   (You acquired it on level 1 of the Dungeon)

   rElec:     It insulates you from electricity.
   Will:      It increases your willpower.
Jewellery
 g - the ring "Mewuxecw" (left hand) {rPois rN+ Will+}
   (You acquired it on level 1 of the Dungeon)

   [ring of positive energy]

   rPois:     It protects you from poison.
   rN:        It protects you from negative energy.
   Will:      It increases your willpower.
 h - a +6 ring of strength (right hand)
Scrolls
 e - a scroll of identify {unknown}
Potions
 d - a potion of might


   Skills:
 - Level 3.6 Fighting
 + Level 3.1 Axes
 - Level 3.2 Armour
 - Level 3.2 Shields


You couldn't memorise any spells.
You didn't know any spells.
Your spell library contained the following spells:

 Spells                   Type           Power      Damage    Failure   Level
 Sting                    Tmut/Pois      0%         1d3       80%         1


Dungeon Overview and Level Annotations

Branches:
Dungeon (1/15)

Altars:


Message History

There is an escape hatch in the floor here.
A goblin comes into view. It is wielding a +0 dagger.
A goblin is nearby!
A goblin is nearby!
A goblin is nearby!
You see here a +0 dagger.
The goblin completely misses you.
You see here the +0 pair of gloves of Restlessness {rElec Will+}.
You closely miss the goblin. You block the goblin's attack.
The goblin hits you but does no damage.
You barely miss the goblin. The goblin closely misses you.
You barely miss the goblin. The goblin hits you but does no damage.
You hit the goblin.
The goblin is moderately wounded.
The goblin hits you but does no damage. x2
You barely miss the goblin.
The goblin is moderately wounded.
The goblin barely misses you.
You barely miss the goblin.
The goblin is moderately wounded.
The goblin barely misses you.
You slash the goblin!
You kill the goblin!
Your Axes skill increases to level 3!
No target in view!
No target in view!
No target in view!
No target in view!
No target in view!
You see here a manual of Shields.
Something appears at your feet!
f - the +0 pair of gloves of Restlessness {rElec Will+} You pick up a manual of Shields and begin studying.
You start putting on your armour.
You continue putting on the +0 pair of gloves of Restlessness {rElec Will+}. x4
You finish putting on the +0 pair of gloves of Restlessness {rElec Will+}.
Okay, then.
Unknown command.
Unknown command.
Unknown command.
Are you sure you want to abandon this character and quit the game? (Confirm with "yes".)

#...........##.# #.#
##...#####...##.# #.#
#>####..P#.P.P.#...#.# #.#
........#.#####P#....# #.#
#####.P#.#..P.P#P#...###.#
#.#.#.#####.#.#......#
#.#.#.#._.#.#.#..#####
#.^......^^......#
#.........@......#
#..........)..#..#
##.......#.......#
#...#..#....##.##
..#######...#.#.#.##.#
≈.......##.##.#.#.##.#
...#####.##..>g...)...#
§≈.................####
...###########.#####


There were no monsters in sight!

Vanquished Creatures
  2 goblins (D:1)
2 creatures vanquished.

Notes
Turn   | Place    | Note
-------+----------+-------------------------------------------
     0 | D:1      | purpskrrrp the Hill Orc Fighter began the quest for the
                  | Orb.
     0 | D:1      | Reached XP level 1. HP: 19/19 MP: 1/1
   157 | D:1      | Found a faded altar of an unknown god.
   158 | D:1      | Identified 3 scrolls of acquirement
   158 | D:1      | Acquired the ring "Mewuxecw" {rPois rN+ Will+}
   163 | D:1      | Got Plato's Secrets of Vitiation
   170 | D:1      | Acquired the +0 pair of gloves of Restlessness {rElec
                  | Will+}
   243 | D:1      | Acquired a manual of Shields
   250 | D:1      | Quit the game

Illustrated notes

Levels and vault maps discovered:
D:1:      minmay_arrival_glassed_features, layout_loops_ring,
          shapermc_ecumenical_altar_rom_forum, nicolae_kite_square_tiling_tiny

Skill      XL: |  1 |
---------------+----+-----
Axes           | 3 |  3.1
Fighting       | |  3.6
Armour         | |  3.2
Shields        | |  3.2

Action                   || total
-------------------------++-------
Melee: War axe           ||     8
  Use: Scroll            ||     3
Armor: Scale mail        ||     4
Dodge: Dodged            ||     4
Block: Buckler           ||     2
